 Dungeon Crawl Stone Soup version 0.29.0-4-gdea44cf6ec (webtiles) character file.

Game seed: 4856860161966431984

786 qw the Cleaver (level 7, 0/42 HPs)
             Began as a Tengu Warper on Aug 28, 2022.
             Slain by a killer bee (2 damage)
             ... on level 5 of the Dungeon.
             The game lasted 00:00:37 (4502 turns).

qw the Cleaver (Tengu Warper)                       Turns: 4502, Time: 00:00:38

Health: 0/42       AC: 10    Str: 13    XL:     7   Next: 87%
Magic:  11/11      EV: 11    Int: 13    God:
Gold:   292        SH:  0    Dex: 14    Spells: 10/10 levels left

rFire   + . .      SeeInvis .   g - +0 war axe
rCold   . . .      Faith    .   (no shield)
rNeg    + . .      Spirit   .   m - +2 scale mail {Will+}
rPois   .          Reflect  .   (helmet restricted)
rElec   .          Harm     .   (no cloak)
rCorr   .          Rampage  .   b - +1 pair of gloves "Veucw" {rF+ rN+}
Will    +....                   (boots unavailable)
Stlth   ..........              (no amulet)
HPRegen 0.14/turn               (no ring)
MPRegen 0.12/turn               (no ring)

@: lethally poisoned (0 -> -8), flying quickly and evasively, quick
A: beak, talons 3, nimble flight, MP-powered wands
a: no special abilities


You were on level 5 of the Dungeon.
You visited 1 branch of the dungeon, and saw 5 of its levels.

You collected 292 gold pieces.


Innate Abilities, Weirdness & Mutations

You have a beak for a mouth.
You have claws for feet.
Your magical nature lets you fly swiftly and evasively.
You expend magic power (3 MP) to strengthen your wands.


   Skills:
 - Level 3.7 Fighting
 + Level 8.4 Axes
 - Level 1.0 Throwing
 - Level 2.9 Armour
 - Level 2.1 Dodging
 - Level 2.0 Spellcasting
 - Level 2.4 Translocations


You had 10 spell levels left.
You didn't know any spells.
Your spell library contained the following spells:

 Spells                   Type           Power      Damage    Failure   Level
 Blink                    Tloc           14%        N/A       54%         2
 Gell's Gravitas          Tloc           7%         N/A       78%         3
 Lesser Beckoning         Tloc           7%         N/A       78%         3
 Teleport Other           Tloc           7%         N/A       78%         3
 Manifold Assault         Tloc           7%         N/A       100%        5

Inventory:

Hand Weapons
 c - a +0 flail
 g - a +0 war axe (weapon)
Armour
 b - the +1 pair of gloves "Veucw" (worn) {rF+ rN+}
   (You found it on level 3 of the Dungeon)

   rF:        It protects you from fire.
   rN:        It protects you from negative energy.
 f - a +0 chain mail
 m - a +2 scale mail of willpower (worn)
 p - a +0 plate armour
Jewellery
 l - a ring of fire
Scrolls
 o - 2 scrolls of identify {unknown}
Potions
 a - 4 potions of curing
 d - a potion of degeneration {unknown}
 e - a potion of resistance {unknown}
 h - 2 potions of mutation
 i - 2 potions of ambrosia {unknown}
 j - a potion of flight {unknown}
 k - a potion of heal wounds {unknown}
 n - a potion of might
 q - a potion of invisibility {unknown}

Dungeon Overview and Level Annotations

Branches:
Dungeon (5/15)
 Temple: D:4-7

Altars:
Cheibriados
Gozag
Makhleb
Uskayaw
Wu Jian


Message History

An orc wizard comes into view. It is wielding a +0 dagger.
The orc moves out of view.
4494 ||| Stepping ~*~*~tactically~*~*~ (stealth).
There is an open door here.
The killer bee stings you but does no damage.
You closely miss the killer bee. The killer bee closely misses you. x2
You hit the killer bee. Your peck misses the killer bee.
Your punch misses the killer bee.
The killer bee is moderately wounded.
The killer bee stings you!
The killer bee stings you but does no damage.
You barely miss the killer bee. Your kick misses the killer bee.
Your peck misses the killer bee.
The killer bee is moderately wounded.
You hit the orc. The killer bee stings you! The orc misses you.
The killer bee stings you.
You are poisoned.
The killer bee poisons you!
You hit the orc.
You kill the orc!
You miss the killer bee.
You feel very sick. The killer bee closely misses you. x2
You barely miss the killer bee. Your kick misses the killer bee.
Your peck misses the killer bee.
The killer bee is moderately wounded.
You feel sick. The killer bee stings you!
The killer bee stings you but does no damage.
The killer bee stings you.
You are lethally poisoned!
The killer bee poisons you!
You closely miss the killer bee.
The killer bee is moderately wounded.
You feel very sick. The killer bee stings you. x2
You closely miss the killer bee. Your kick misses the killer bee.
The killer bee is moderately wounded.
You feel sick. The killer bee closely misses you. The killer bee stings you.
You die...

........###..#
.............#
........###..###+#
...........#.....#
#.#######.##...#.#
#.# #.##...### #.#
#.##...#.# #.#
#.##.....# #.#
#.#..###@# #.
#.#..#.)y#
#....#....!y.~o
###.####...~~y~ #.
......~. ......~.
###.(... #####


You could see a killer bee.

Vanquished Creatures
  A black bear (D:5)
  An ogre (D:4)
  A phantom (D:4)
  A necrophage (D:4)
  2 iguanas (D:5)
  Jessica (D:2)
  6 orc wizards
  Robin (D:3)
  3 gnolls (D:3)
  4 adders
  3 river rats (D:3)
  3 worms
  A dart slug (D:4)
  27 orcs
  3 bats
  An endoplasm (D:3)
  5 giant cockroaches
  15 goblins
  7 hobgoblins
  5 jackals
  7 kobolds
  7 quokkas
  9 ball pythons
  6 frilled lizards
  10 rats
130 creatures vanquished.

Notes
Turn   | Place    | Note
-------+----------+-------------------------------------------
     0 | D:1      | qw the Tengu Warper began the quest for the Orb.
     0 | D:1      | Reached XP level 1. HP: 12/12 MP: 4/4
     0 | D:1      | 0 ||| qw: Version: 0.1-a-89-g26bdef1
     0 | D:1      | 0 ||| qw: Game counter: 86
     0 | D:1      | 0 ||| qw: Always use a shield: true
     0 | D:1      | 0 ||| qw: God list: Okawaru
     0 | D:1      | 0 ||| qw: Allow faded altars: false
     0 | D:1      | 0 ||| qw: Do Orc after D:15 true
     0 | D:1      | 0 ||| qw: Do second Lair branch before Depths: true
     0 | D:1      | 0 ||| qw: Lair rune preference: random
     0 | D:1      | 0 ||| qw: Plans: Normal
     0 | D:1      | 0 ||| PLANNING D:1-11
    32 | D:1      | Found a faded altar of an unknown god.
   205 | D:1      | Reached XP level 2. HP: 17/17 MP: 6/6
   217 | D:1      | Reached skill level 3 in Axes
   449 | D:1      | 449 ||| Stepping ~*~*~tactically~*~*~ (stealth).
   514 | D:1      | 514 ||| Stepping ~*~*~tactically~*~*~ (stealth).
   586 | D:1      | 586 ||| Stepping ~*~*~tactically~*~*~ (stealth).
   620 | D:1      | 620 ||| Stepping ~*~*~tactically~*~*~ (stealth).
   622 | D:1      | 622 ||| Stepping ~*~*~tactically~*~*~ (stealth).
   632 | D:1      | Reached XP level 3. HP: 16/21 MP: 7/7
   855 | D:1      | 855 ||| Stepping ~*~*~tactically~*~*~ (stealth).
  1046 | D:1      | Reached skill level 4 in Axes
  1069 | D:1      | 1069 ||| UPGRADING to +0 ring mail.
  1079 | D:1      | 1079 ||| DROPPING +0 leather armour.
  1080 | D:1      | 1080 ||| READING scroll labelled ZAL JECVOZOJ.
  1081 | D:1      | 1081 ||| READING scroll labelled DAXITI MO TUO.
  1082 | D:1      | 1082 ||| READING scroll labelled OFU OQAWEES.
  1183 | D:1      | 1183 ||| DRINKING 2 fuming cyan potions.
  1220 | D:1      | 1220 ||| DROPPING scroll of blinking.
  1221 | D:1      | 1221 ||| DROPPING potion of lignification.
  1299 | D:2      | 1299 ||| DROPPING +0 mace.
  1300 | D:2      | 1300 ||| DROPPING +0 club.
  1345 | D:2      | Found a snail-covered altar of Cheibriados.
  1417 | D:2      | Noticed Jessica
  1423 | D:2      | Killed Jessica
  1424 | D:2      | Reached XP level 4. HP: 20/26 MP: 8/8
  1425 | D:2      | 1425 ||| FLEEEEING.
  1426 | D:2      | 1426 ||| FLEEEEING.
  1427 | D:2      | 1427 ||| FLEEEEING.
  1428 | D:2      | 1428 ||| FLEEEEING.
  1429 | D:2      | 1429 ||| STAIRDANCE
  1489 | D:1      | 1489 ||| READING scroll labelled XOOCOI EXUOL.
  1724 | D:3      | 1724 ||| PLANNING SEWER
  1740 | D:3      | 1740 ||| Stepping ~*~*~tactically~*~*~ (stealth).
  1742 | D:3      | 1742 ||| Stepping ~*~*~tactically~*~*~ (stealth).
  1745 | D:3      | Reached skill level 5 in Axes
  1753 | D:3      | 1753 ||| Stepping ~*~*~tactically~*~*~ (stealth).
  1771 | D:3      | 1771 ||| Stepping ~*~*~tactically~*~*~ (stealth).
  1776 | D:3      | Noticed Robin
  1777 | D:3      | 1777 ||| Stepping ~*~*~tactically~*~*~ (stealth).
  1792 | D:3      | 1792 ||| FLEEEEING.
  1793 | D:3      | 1793 ||| FLEEEEING.
  1794 | D:3      | 1794 ||| FLEEEEING.
  1795 | D:3      | 1795 ||| FLEEEEING.
  1796 | D:3      | 1796 ||| FLEEEEING.
  1799 | D:3      | 1799 ||| STAIRDANCE
  1939 | D:3      | 1939 ||| Stepping ~*~*~tactically~*~*~ (hiding).
  1954 | D:3      | Gained mutation: Your magical nature lets you fly swiftly
                  | and evasively. [Tengu growth]
  1954 | D:3      | Reached XP level 5. HP: 24/30 MP: 9/9
  1954 | D:3      | Killed Robin
  2047 | D:3      | Identified the +1 pair of gloves "Veucw" {rF+ rN+}
  2192 | D:3      | Reached skill level 6 in Axes
  2256 | D:3      | Found an opulent altar of Gozag.
  2272 | D:3      | 2272 ||| Stepping ~*~*~tactically~*~*~ (stealth).
  2407 | D:3      | 2407 ||| Stepping ~*~*~tactically~*~*~ (stealth).
  2412 | D:3      | 2412 ||| RIP SEWER
  2430 | D:3      | 2430 ||| PLANNING D:1-11
  2564 | D:3      | 2564 ||| Stepping ~*~*~tactically~*~*~ (stealth).
  2617 | D:3      | 2617 ||| Stepping ~*~*~tactically~*~*~ (stealth).
  2618 | D:3      | 2618 ||| Stepping ~*~*~tactically~*~*~ (stealth).
  2627 | D:3      | 2627 ||| Stepping ~*~*~tactically~*~*~ (stealth).
  2753 | D:3      | 2753 ||| UPGRADING to +1 pair of gloves "Veucw" {rF+ rN+}.
  2758 | D:3      | 2758 ||| UPGRADING to +2 scale mail of willpower.
  2768 | D:3      | 2768 ||| DROPPING +0 ring mail.
  2769 | D:3      | 2769 ||| READING scroll labelled MOAM VUEXI WERU.
  2770 | D:3      | 2770 ||| READING scroll labelled WEEZXI JYOCZUC.
  2771 | D:3      | 2771 ||| READING scroll labelled PEMUCI WUOLIUSK.
  2772 | D:3      | 2772 ||| Stepping randomly (stuck).
  2773 | D:3      | 2773 ||| Stepping ~*~*~tactically~*~*~ (cloud).
  2944 | D:4      | Reached XP level 6. HP: 34/35 MP: 10/10
  2978 | D:4      | 2978 ||| SWAPPING to +0 war axe.
  2980 | D:4      | 2980 ||| DROPPING +0 hand axe of venom.
  2991 | D:4      | Found an ornate altar of the Wu Jian Council.
  3009 | D:4      | 3009 ||| Stepping ~*~*~tactically~*~*~ (hiding).
  3011 | D:4      | 3011 ||| Stepping ~*~*~tactically~*~*~ (hiding).
  3013 | D:4      | 3013 ||| Stepping ~*~*~tactically~*~*~ (hiding).
  3026 | D:4      | 3026 ||| Stepping ~*~*~tactically~*~*~ (stealth).
  3029 | D:4      | Reached skill level 7 in Axes
  3029 | D:4      | 3029 ||| FLEEEEING.
  3030 | D:4      | 3030 ||| FLEEEEING.
  3031 | D:4      | 3031 ||| FLEEEEING.
  3032 | D:4      | 3032 ||| FLEEEEING.
  3036 | D:4      | 3036 ||| FLEEEEING.
  3037 | D:4      | 3037 ||| FLEEEEING.
  3037 | D:4      | Found a hide-covered altar of Uskayaw.
  3041 | D:4      | 3041 ||| FLEEEEING.
  3042 | D:4      | 3042 ||| FLEEEEING.
  3043 | D:4      | 3043 ||| FLEEEEING.
  3044 | D:4      | 3044 ||| FLEEEEING.
  3045 | D:4      | 3045 ||| FLEEEEING.
  3046 | D:4      | 3046 ||| FLEEEEING.
  3047 | D:4      | 3047 ||| FLEEEEING.
  3048 | D:4      | 3048 ||| FLEEEEING.
  3049 | D:4      | 3049 ||| FLEEEEING.
  3050 | D:4      | 3050 ||| FLEEEEING.
  3051 | D:4      | 3051 ||| FLEEEEING.
  3052 | D:4      | 3052 ||| STAIRDANCE
  3235 | D:4      | Reached skill level 3 in Fighting
  3447 | D:4      | 3447 ||| Stepping ~*~*~tactically~*~*~ (stealth).
  3456 | D:4      | Reached XP level 7. HP: 42/42 MP: 11/11
  3463 | D:4      | 3463 ||| Stepping ~*~*~tactically~*~*~ (stealth).
  3469 | D:4      | 3469 ||| Stepping ~*~*~tactically~*~*~ (stealth).
  3484 | D:4      | 3484 ||| Stepping ~*~*~tactically~*~*~ (stealth).
  3805 | D:4      | 3805 ||| DRINKING 2 viscous clear potions.
  3805 | D:4      | Gained mutation: You expend magic power (3 MP) to
                  | strengthen your wands. [potion of mutation]
  3806 | D:4      | 3806 ||| DRINKING 2 ruby potions.
  3826 | D:5      | Entered Level 5 of the Dungeon
  3827 | D:5      | 3827 ||| STAIRDANCE
  3857 | D:5      | 3857 ||| STAIRDANCE
  3986 | D:5      | 3986 ||| STAIRDANCE
  4059 | D:5      | 4059 ||| STAIRDANCE
  4118 | D:5      | 4118 ||| STAIRDANCE
  4128 | D:5      | Reached skill level 8 in Axes
  4275 | D:5      | Found a burning altar of Makhleb.
  4494 | D:5      | 4494 ||| Stepping ~*~*~tactically~*~*~ (stealth).
  4501 | D:5      | HP: 9/42 [poisoned by a killer bee]
  4501 | D:5      | HP: 4/42 [killer bee (1)]
  4502 | D:5      | Slain by a killer bee

Levels and vault maps discovered:
D:1:      heliophobic_arrival_battle_scene, layout_loops_ring,
          chequers_ecumenical_altar_twisty
D:2:      layout_rooms, basic_altar, uniq_jessica
D:3:      layout_basic, nicolae_gozag_cash_rules_everything_around_me,
          portal_sewer_entry_e, uniq_robin
D:4:      layout_cave_pools, mainiacjoe_overflow_catwalk,
          mainiacjoe_overflow_alcove_1
D:5:      layout_loops_ring, lemuel_coloured_pillars_altar,
          hangedman_ru_absence, minmay_tree_intersection, item_on_display_a

Skill      XL: |  1  2  3  4  5  6  7 |
---------------+----------------------+-----
Axes           | 3 4 5 6 7 8 |  8.4
Fighting       | 3 |  3.7
Armour         | 2 |  2.9
Throwing       | |  1.0
Dodging        | |  2.1
Spellcasting   | |  2.0
Translocations | |  2.4

Action                   |  1- 3 |  4- 6 |  7- 9 || total
-------------------------+-------+-------+-------++-------
Melee: Hand axe          |    98 |   107 |       ||   205
       Peck              |    13 |    17 |    14 ||    44
       Kick              |    16 |    31 |    20 ||    67
       Punch             |       |     1 |     3 ||     4
       War axe           |       |    32 |    91 ||   123
Throw: Boomerang         |     7 |       |       ||     7
  Use: Scroll            |     3 |     4 |       ||     7
       Potion            |     1 |       |     2 ||     3
Armor: Leather armour    |    35 |       |       ||    35
       Ring mail         |     7 |    22 |       ||    29
       Scale mail        |       |     6 |    45 ||    51
Dodge: Dodged            |    62 |    75 |    40 ||   177

Table legend:
 A = Non-vault XP
 B = Vault XP
 C = Vault XP percentage of total XP
 D = Non-vault monster count
 E = Vault monster count
 F = Vault count percentage of total count
                 A         B        C        D         E       F
            +---------+---------+-------+---------+---------+-------
      Total |    1007 |     117 |  10.4 |     110 |      20 |  15.4
            +---------+---------+-------+---------+---------+-------
        D:1 |      47 |       0 |   0.0 |      30 |       0 |   0.0
        D:2 |      29 |      37 |  56.1 |      12 |       1 |   7.7
        D:3 |     116 |      80 |  40.8 |      27 |      19 |  41.3
        D:4 |     527 |       0 |   0.0 |      32 |       0 |   0.0
        D:5 |     288 |       0 |   0.0 |       9 |       0 |   0.0
            +---------+---------+-------+---------+---------+-------
